 Dungeon Crawl Stone Soup version 0.27.1-4-g1640c2035a (webtiles) character file.

Game seed: 6826265656015151198

67 wingedge the Caller (level 4, -1/24 HPs)
             Began as a Deep Elf Summoner on Nov 4, 2021.
             Splashed by Ijyb's acid (11 damage)
             ... on level 5 of the Dungeon.
             The game lasted 00:13:15 (1627 turns).

wingedge the Caller (Deep Elf Summoner)             Turns: 1627, Time: 00:13:24

Health: -1/24      AC:  3    Str:  5    XL:     4   Next: 0%
Magic:  10/12      EV: 12    Int: 21    God:
Gold:   90         SH:  0    Dex: 15    Spells: 9/12 levels left

rFire    . . .     SeeInvis .   g - staff of air
rCold    . . .     Faith    .   (no shield)
rNeg     . . .     Spirit   .   a - +0 robe
rPois    .         Reflect  .   (no helmet)
rElec    +         Harm     .   (no cloak)
rCorr    .         Rampage  .   (no gloves)
Will     .....                  c - +0 pair of boots
Stlth    ++........             (no amulet)
HPRegen  0.08/turn              (no ring)
MPRegen  0.13/turn              (no ring)

@: no status effects
A: no striking features
a: no special abilities


You were on level 5 of the Dungeon.
You visited 1 branch of the dungeon, and saw 4 of its levels.

You collected 90 gold pieces.

Inventory:

Hand Weapons
 f - a +0 flail
Armour
 a - a +0 robe (worn)
 c - a +0 pair of boots (worn)
Magical Staves
 g - a staff of air (weapon)
Scrolls
 b - a scroll of identify
 d - a scroll of vulnerability
 e - a scroll of teleportation {unknown}
Potions
 h - a potion of heal wounds {unknown}
 i - a potion of lignification {unknown}


   Skills:
 + Level 2.5 Dodging
 + Level 2.7 Stealth
 + Level 4.6 Spellcasting
 + Level 5.2 Summonings
 + Level 0.0 Air Magic


You had 9 spell levels left.
You knew the following spells:

 Your Spells              Type           Power      Damage    Failure   Level
a - Summon Small Mammal   Summ           100%       N/A       1%          1
b - Call Imp              Summ           26%        N/A       1%          2

Your spell library contained the following spells:

 Spells                   Type           Power      Damage    Failure   Level
 Call Canine Familiar     Summ           26%        N/A       4%          3
 Magic Dart               Conj           16%        1d3       12%         1
 Summon Guardian Golem    Hex/Summ       15%        N/A       12%         3
 Mephitic Cloud           Conj/Pois/Air  7%         N/A       34%         3
 Summon Lightning Spire   Summ/Air       23%        N/A       36%         4


Dungeon Overview and Level Annotations

Branches:
Dungeon (5/15)
 Temple: D:4-7

Altars:

Annotations:
D:5 3 runed translucent doors, Ijyb; belegose's ghost, novice NaAK


Message History

HP restored.
Things that are here:
an adder skeleton; an orc skeleton
Found a twisted runed staff and a viscous green potion.
Found a stone staircase leading up.
You see here a staff of air.
g - a staff of air
g - a staff of air (weapon)
Found a lumpy golden potion.
h - a viscous green potion
i - a lumpy golden potion Belegose's ghost turns its malevolent gaze towards you.
Found 15 gold pieces.
Ijyb the Twisted Goblin comes into view.
She is wielding a +8 club and carrying a wand of acid (8).
Casting: Call Imp (safe; 1% risk of failure)
Confirm with . or Enter, or press ? or * to list all spells.
A shadowy apparition takes form in the air.
You swap places.
You swap places.
You see here 15 gold pieces.
You now have 90 gold pieces (gained 15).
Ijyb shouts!
You swap places.
Ijyb zaps a wand.
The bolt of acid hits your shadow imp!
Your shadow imp is splashed with acid!
The acid corrodes your shadow imp!
Your shadow imp dies!
The bolt of acid misses you.
Casting: Call Imp (safe; 1% risk of failure)
Confirm with . or Enter, or press ? or * to list all spells.
A beastly little devil appears in a puff of flame.
Ijyb hits your crimson imp with a +8 club.
Ijyb barely misses your crimson imp.
Your crimson imp hits Ijyb but does no damage.
Ijyb zaps a wand.
The bolt of acid hits your crimson imp!
Your crimson imp is splashed with acid.
Your crimson imp dies!
The bolt of acid hits you!
Ouch! That really hurt!
You are splashed with acid!
You die...

##..#.####.....#.########
##..#.####..##.#.#
..(.#........#.#.#
##[.#.####.#.#.#.#
##..#.# #.#.#.#.# ....#.#
#.#.#.#.# #####.#
#.#.#.#.# ......#
#...#.#.# #####.#
#...#.#@# #.# #...#.#.#
#.# #..##.#g# #.#
#.....#.# #.# ##.####.#
#.# #.# ..# #.#####.# .##
#.......# . ######### #.


You could see Ijyb.

Vanquished Creatures
  A frilled lizard (D:1)
  2 rats (D:2)
3 creatures vanquished.

Vanquished Creatures (collateral kills)
  A jelly (D:5)
  An iguana (D:5)
  A gnoll (D:4)
  An adder (D:5)
  5 dart slugs (D:1)
  An orc (D:5)
  4 ball pythons (D:1)
  5 endoplasms (D:1)
  A giant cockroach (D:1)
  4 goblins
  4 hobgoblins (D:1)
  3 quokkas
  2 bats
  A frilled lizard (D:1)
  3 kobolds (D:1)
  A rat (D:1)
38 creatures vanquished.

Grand Total: 41 creatures vanquished

Notes
Turn   | Place    | Note
-------+----------+-------------------------------------------
     0 | D:1      | wingedge the Deep Elf Summoner began the quest for the Orb.
     0 | D:1      | Reached XP level 1. HP: 10/10 MP: 6/6
   406 | D:1      | Reached XP level 2. HP: 15/15 MP: 4/8
   583 | D:1      | Learned a level 2 spell: Call Imp
   940 | D:2      | Reached skill level 5 in Summonings
   996 | D:2      | You fall into a shaft and drop 2 floors!
  1005 | D:4      | Reached XP level 3. HP: 12/19 MP: 0/10
  1027 | D:5      | Entered Level 5 of the Dungeon
  1027 | D:5      | Noticed an ogre
  1027 | D:5      | Found a runed translucent gate.
  1027 | D:5      | Found a runed translucent gate.
  1027 | D:5      | Found a runed translucent gate.
  1175 | D:5      | Reached XP level 4. HP: 3/24 MP: 0/12
  1177 | D:5      | HP: 1/24 [poisoned by an adder]
  1569 | D:5      | Noticed belegose's ghost (novice NaAK)
  1611 | D:5      | Noticed Ijyb
  1627 | D:5      | Splashed by Ijyb's acid

Illustrated notes

Levels and vault maps discovered:
D:1:      psy_arrival_fountain, layout_loops_ring
D:2:      layout_rooms, ebering_ecumenical_altar_hall
D:4:      layout_gridville, temple_statues, amcnicky_mini_pool_small,
          serial_bayou_lagoon_a
D:5:      layout_basic, gammafunk_ghost_split, uniq_ijyb, uniq_edmund

Skill      XL: |  1  2  3 |
---------------+----------+-----
Summonings     | 5 |  5.2
Spellcasting   | 4 |  4.6
Dodging        | |  2.5
Stealth        | |  2.7

Action                   |  1- 3 |  4- 6 || total
-------------------------+-------+-------++-------
Melee: Unarmed           |    18 |       ||    18
       Flail             |     4 |       ||     4
 Cast: Summon Small Mamm |    46 |       ||    46
       Call Imp          |    22 |     2 ||    24
  Use: Scroll            |     1 |       ||     1
       Potion            |     1 |       ||     1
Armor: Robe              |    11 |       ||    11
Dodge: Dodged            |    44 |     1 ||    45
